 Dungeon Crawl Stone Soup version 0.29.1-13-g9f3cf754e1 (webtiles) character file.

Game seed: 1831122921591190710

21 Priul the Grave Robber (level 2, -2/15 HPs)
             Began as a Deep Elf Necromancer on Feb 8, 2023.
             Slain by a worm (7 damage)
             ... on level 2 of the Dungeon.
             The game lasted 00:03:08 (864 turns).

Priul the Grave Robber (Deep Elf Necromancer)        Turns: 864, Time: 00:03:08

Health: -2/15      AC:  2    Str:  5    XL:     2   Next: 65%
Magic:  2/8        EV: 12    Int: 19    God:
Gold:   0          SH:  0    Dex: 15    Spells: 7/8 levels left

rFire   . . .      SeeInvis .   d - +3 dagger
rCold   . . .      Faith    .   (no shield)
rNeg    . . .      Spirit   .   a - +0 robe
rPois   .          Reflect  .   (no helmet)
rElec   .          Harm     .   (no cloak)
rCorr   .          Rampage  .   (no gloves)
Will    .....                   (no boots)
Stlth   ++........              (no amulet)
HPRegen 0.05/turn               (no ring)
MPRegen 0.11/turn               (no ring)

@: no status effects
A: no striking features
a: no special abilities


You were on level 2 of the Dungeon.
You visited 1 branch of the dungeon, and saw 2 of its levels.

You collected 28 gold pieces.
You spent 28 gold pieces at shops.

Inventory:

Hand Weapons
 d - a +3 dagger (weapon)
Missiles
 g - 4 boomerangs
Armour
 a - a +0 robe (worn)
Potions
 b - a potion of magic
 c - a potion of lignification
 e - a potion of brilliance {unknown}
 f - a potion of berserk rage {unknown}
 h - a potion of attraction {unknown}


   Skills:
 + Level 2.5 Dodging
 + Level 2.4 Stealth
 + Level 3.7 Spellcasting
 + Level 5.4 Necromancy


You had 7 spell levels left.
You knew the following spells:

 Your Spells              Type           Power      Damage    Failure   Level
a - Necrotise             Necr           96%        1d8       1%          1

Your spell library contained the following spells:

 Spells                   Type           Power      Damage    Failure   Level
 Vampiric Draining        Necr           24%        2d7       4%          3
 Animate Dead             Necr           24%        N/A       16%         4
 Conjure Flame            Conj/Fire      3%         6-21      38%         3
 Ignite Poison            Fire/Tmut/Pois 3%         N/A       38%         3
 Agony                    Necr           24%        N/A       38%         5
 Sticky Flame             Conj/Fire      3%         2d3       80%         4


Dungeon Overview and Level Annotations

Branches:
Dungeon (2/15)

Altars:

Shops:
D:1 *


Message History

Aim: a worm (moderately wounded, chance to affect: 88%)
The worm writhes in agony.
Casting: Necrotise (safe; 1% risk of failure)
Confirm with . or Enter, or press ? or * to list all spells.
Aiming: Necrotise (safe; 1% risk of failure)
Press: ? - help, Shift-Dir - straight line, f/p - worm
Aim: a worm (moderately wounded, chance to affect: 88%)
The worm barely resists.
Casting: Necrotise (safe; 1% risk of failure)
Confirm with . or Enter, or press ? or * to list all spells.
Aiming: Necrotise (safe; 1% risk of failure)
Press: ? - help, Shift-Dir - straight line, f/p - worm
Aim: a worm (moderately wounded, chance to affect: 88%)
The worm barely resists.
Casting: Necrotise (safe; 1% risk of failure)
Confirm with . or Enter, or press ? or * to list all spells.
Aiming: Necrotise (safe; 1% risk of failure)
Press: ? - help, Shift-Dir - straight line, f/p - worm
Aim: a worm (moderately wounded, chance to affect: 88%)
The worm writhes in agony.
The worm completely misses you.
Casting: Necrotise (safe; 1% risk of failure)
Confirm with . or Enter, or press ? or * to list all spells.
Aiming: Necrotise (safe; 1% risk of failure)
Press: ? - help, Shift-Dir - straight line, f/p - worm
Aim: a worm (moderately wounded, chance to affect: 88%)
The worm writhes in agony.
Casting: Necrotise (safe; 1% risk of failure)
Confirm with . or Enter, or press ? or * to list all spells.
Aiming: Necrotise (safe; 1% risk of failure)
Press: ? - help, Shift-Dir - straight line, f/p - worm
Aim: a worm (moderately wounded, chance to affect: 88%)
The worm writhes in agony.
The worm bites you!
Ouch! That really hurt!
Okay, then.
You hit the worm.
The worm is severely wounded.
You hit the worm.
The worm is almost dead.
The worm bites you!
You die... .# ####...+ #@w....# ####.###

You could see a worm.

Vanquished Creatures
  A goblin (D:1)
  4 hobgoblins (D:1)
  4 jackals (D:1)
  A quokka (D:1)
  A ball python (D:1)
  2 bats (D:1)
  4 kobolds (D:1)
  2 rats (D:1)
19 creatures vanquished.

Vanquished Creatures (collateral kills)
  A rat (D:1)
1 creature vanquished.

Grand Total: 20 creatures vanquished

Notes
Turn   | Place    | Note
-------+----------+-------------------------------------------
     0 | D:1      | Priul the Deep Elf Necromancer began the quest for the Orb.
     0 | D:1      | Reached XP level 1. HP: 10/10 MP: 6/6
    44 | D:1      | Reached skill level 5 in Necromancy
    88 | D:1      | Found Elat's General Store.
   225 | D:1      | Reached XP level 2. HP: 15/15 MP: 5/8
   412 | D:1      | Bought a scroll of identify for 28 gold pieces
   515 | D:1      | Found a faded altar of an unknown god.
   864 | D:2      | Slain by a worm

Illustrated notes

Levels and vault maps discovered:
D:1:      eino_arrival_water_cross, layout_loops_ring, serial_shops,
          nicolae_shop_waterfront, dreamdust_ecumenical_altar_hidden_monk_grotto
D:2:      layout_basic, uniq_terence

Skill      XL: |  1 |
---------------+----+-----
Necromancy     | 5 |  5.4
Dodging        | |  2.5
Stealth        | |  2.4
Spellcasting   | |  3.7

Action                   || total
-------------------------++-------
Melee: Dagger            ||     2
 Cast: Necrotise         ||    37
  Use: Scroll            ||     1
Armor: Robe              ||     1
Dodge: Dodged            ||     6
